General information
- name: BNet
- type: Ladder team game (AT/RT)
- host: Battle.net
- saver: NoHeart
map: MarketSquare
- players: 8
- length: 32:16
- speed: Fast
- version: 1.26 W3XP
- replay type: Public
» download(187 KB)
Players
team 1 (loser)

»
icraponaddmins (
yellow | 44 APM | 1410 actions | 32:13)
8 Death Knight
3 Death Coil
3 Unholy Aura
1 Animate Dead
1 Death Pact
3 Mountain King
1 Avatar
1 Bash
1 Thunder Clap
» actions
| Basic commands | 15 | |
| Build / train | 88 | |
| Enter build submenu | 19 | |
| Enter hero's abilities submenu | 11 | |
| Give item / drop item | 6 | |
| Remove unit from queue | 5 | |
| Right click | 766 | |
| Select / deselect | 422 | |
| Use ability | 78 | |
1410 total
» units
| Acolyte | 12 | |
| Ghoul | 5 | |
| Crypt Fiend | 8 | |
| Forest Troll High Priest | 2 | |
| Frost Wyrm | 4 | |
| Gryphon Rider | 1 | |
32 total
» upgrades
| Creature Attack | 3 | |
| Creature Carapace | 3 | |
| Web | 1 | |
| Swords | 1 | |
| Armor | 1 | |
| Animal War Training | 1 | |
| Cloud | 1 | |
11 total
» buildings
| Crypt | 1 | |
| Graveyard | 1 | |
| Ziggurat | 8 | |
| Altar of Darkness | 1 | |
| Halls of the Dead | 2 | |
| Tomb of Relics | 1 | |
| Necropolis | 1 | |
| Black Citadel | 2 | |
| Sacrificial Pit | 1 | |
| Boneyard | 2 | |
| Spirit Tower | 3 | |
23 total
» build order
00:23 Crypt
00:30 Graveyard
00:39 Ziggurat
01:14 Altar of Darkness
01:18 Ziggurat
03:09 Ziggurat
06:52 Halls of the Dead
07:06 Ziggurat
07:11 Ziggurat
07:15 Tomb of Relics
08:02 Necropolis
09:16 Black Citadel
09:16 Black Citadel
12:40 Sacrificial Pit
13:21 Ziggurat
13:25 Ziggurat
13:27 Ziggurat
13:32 Boneyard
13:38 Boneyard
15:28 Spirit Tower
15:28 Spirit Tower
18:58 Spirit Tower
» items
| Scroll of Town Portal | 1 | |
| Potion of Healing | 2 | |
| Dust of Appearance | 2 | |
| Boots of Speed | 1 | |
| Scroll of Regeneration | 1 | |
7 total
FlynnWhite (
pink | 41 APM | 833 actions | 20:28)
5 Mountain King
3 Storm Bolt
2 Bash
» actions
| Basic commands | 14 | |
| Build / train | 62 | |
| Enter build submenu | 36 | |
| Enter hero's abilities submenu | 5 | |
| Give item / drop item | 1 | |
| Right click | 422 | |
| Select / deselect | 254 | |
| Use ability | 39 | |
833 total
» units
| Peasant | 18 | |
| Rifleman | 7 | |
| Gryphon Rider | 7 | |
32 total
» upgrades
| Masonry | 3 | |
| Storm Hammers | 1 | |
| Swords | 2 | |
| Armor | 1 | |
| Lumber Harvesting | 2 | |
9 total
» buildings
| Lumber Mill | 3 | |
| Farm | 13 | |
| Altar of Kings | 1 | |
| Barracks | 1 | |
| Blacksmith | 1 | |
| Keep | 2 | |
| Arcane Vault | 1 | |
| Town Hall | 1 | |
| Scout Tower | 5 | |
| Castle | 2 | |
| Guard Tower | 6 | |
| Gryphon Aviary | 3 | |
39 total
» build order
00:40 Lumber Mill
00:59 Farm
01:12 Altar of Kings
01:13 Barracks
01:35 Farm
01:36 Farm
01:59 Blacksmith
02:44 Farm
03:25 Farm
04:37 Keep
04:37 Keep
05:06 Arcane Vault
05:57 Town Hall
06:17 Scout Tower
06:18 Scout Tower
06:19 Scout Tower
06:20 Scout Tower
06:59 Castle
07:00 Castle
07:03 Guard Tower
07:31 Guard Tower
07:33 Guard Tower
07:33 Guard Tower
07:45 Scout Tower
08:19 Gryphon Aviary
08:24 Gryphon Aviary
08:36 Guard Tower
10:03 Gryphon Aviary
12:06 Farm
12:09 Farm
12:09 Farm
13:32 Farm
14:33 Lumber Mill
14:58 Farm
14:59 Farm
16:04 Farm
16:05 Farm
16:56 Lumber Mill
» items
| Scroll of Regeneration | 1 | |
| Orb of Fire | 1 | |
| Scroll of Town Portal | 1 | |
| Dust of Appearance | 1 | |
4 total

»
ScootyPuffJr. (
red | 33 APM | 958 actions | 29:11)
4 Crypt Lord
2 Carrion Beetles
2 Spiked Carapace
2 Lich
1 Frost Armor
1 Frost Nova
» actions
| Assign group hotkey | 39 | |
| Basic commands | 76 | |
| Build / train | 77 | |
| ESC pressed | 2 | |
| Enter build submenu | 19 | |
| Enter hero's abilities submenu | 6 | |
| Right click | 314 | |
| Select / deselect | 189 | |
| Select group hotkey | 201 | |
| Use ability | 35 | |
958 total
» units
| Acolyte | 25 | |
| Ghoul | 4 | |
| Crypt Fiend | 13 | |
| Obsidian Statue | 7 | |
49 total
» upgrades
| Cannibalize | 1 | |
| Creature Attack | 3 | |
| Creature Carapace | 3 | |
| Web | 1 | |
8 total
» buildings
| Ziggurat | 11 | |
| Altar of Darkness | 1 | |
| Crypt | 1 | |
| Graveyard | 1 | |
| Nerubian Tower | 1 | |
| Tomb of Relics | 1 | |
| Spirit Tower | 8 | |
| Halls of the Dead | 1 | |
| Slaughterhouse | 1 | |
| Black Citadel | 1 | |
| Sacrificial Pit | 1 | |
28 total
» build order
00:13 Ziggurat
00:16 Altar of Darkness
00:39 Crypt
01:02 Graveyard
01:10 Nerubian Tower
01:26 Tomb of Relics
01:43 Ziggurat
02:44 Ziggurat
02:48 Spirit Tower
04:23 Halls of the Dead
04:36 Spirit Tower
07:13 Slaughterhouse
08:07 Ziggurat
09:32 Ziggurat
10:36 Spirit Tower
16:00 Ziggurat
17:39 Ziggurat
18:03 Spirit Tower
18:43 Black Citadel
20:07 Ziggurat
20:51 Ziggurat
22:10 Ziggurat
22:11 Spirit Tower
22:23 Ziggurat
24:01 Spirit Tower
25:07 Spirit Tower
25:48 Spirit Tower
28:30 Sacrificial Pit
» items
ankn[pro] (
teal | 41 APM | 1277 actions | 30:55)
3 Death Knight
2 Death Coil
1 Unholy Aura
» actions
| Assign group hotkey | 123 | |
| Basic commands | 3 | |
| Build / train | 94 | |
| Enter build submenu | 21 | |
| Enter hero's abilities submenu | 3 | |
| Right click | 308 | |
| Select / deselect | 213 | |
| Select group hotkey | 444 | |
| Use ability | 68 | |
1277 total
» units
| Acolyte | 41 | |
| Ghoul | 11 | |
| Crypt Fiend | 11 | |
| Gargoyle | 7 | |
| Gryphon Rider | 2 | |
| Dragonhawk Rider | 2 | |
74 total
» upgrades
| Creature Attack | 2 | |
| Creature Carapace | 2 | |
| Web | 1 | |
5 total
» buildings
| Ziggurat | 15 | |
| Crypt | 1 | |
| Altar of Darkness | 1 | |
| Graveyard | 2 | |
| Spirit Tower | 9 | |
| Halls of the Dead | 1 | |
| Tomb of Relics | 2 | |
31 total
» build order
00:15 Ziggurat
00:20 Crypt
01:03 Altar of Darkness
01:06 Ziggurat
01:08 Ziggurat
02:14 Ziggurat
03:18 Graveyard
03:28 Graveyard
05:00 Spirit Tower
05:02 Spirit Tower
06:35 Ziggurat
06:39 Ziggurat
06:41 Ziggurat
06:42 Ziggurat
06:56 Ziggurat
07:04 Ziggurat
07:05 Ziggurat
07:15 Halls of the Dead
07:53 Spirit Tower
07:54 Spirit Tower
08:29 Spirit Tower
08:39 Spirit Tower
08:57 Spirit Tower
09:02 Spirit Tower
12:59 Tomb of Relics
17:59 Ziggurat
18:00 Ziggurat
19:50 Spirit Tower
25:46 Ziggurat
25:49 Ziggurat
28:20 Tomb of Relics
» items
team 2 (winner)
AmontilladoCask (
orange | 53 APM | 1717 actions | 32:14)
10 Blademaster
3 Wind Walk
3 Critical Strike
1 Bladestorm
3 Mirror Image
» actions
| Assign group hotkey | 18 | |
| Basic commands | 16 | |
| Build / train | 62 | |
| Enter build submenu | 42 | |
| Enter hero's abilities submenu | 9 | |
| Give item / drop item | 3 | |
| Remove unit from queue | 1 | |
| Right click | 1006 | |
| Select / deselect | 208 | |
| Select group hotkey | 131 | |
| Use ability | 221 | |
1717 total
» units
| Peon | 21 | |
| Grunt | 4 | |
| Troll Batrider | 8 | |
33 total
» upgrades
| Reinforced Defenses | 1 | |
| Ranged Weapons | 3 | |
| Armor | 3 | |
| Spiked Barricades | 1 | |
| Troll Regeneration | 1 | |
9 total
» buildings
| Orc Burrow | 3 | |
| Altar of Storms | 1 | |
| Barracks | 1 | |
| Voodoo Lounge | 2 | |
| Stronghold | 1 | |
| War Mill | 1 | |
| Great Hall | 1 | |
| Watch Tower | 27 | |
| Fortress | 1 | |
| Beastiary | 3 | |
41 total
» build order
00:27 Orc Burrow
00:40 Altar of Storms
00:54 Barracks
01:34 Orc Burrow
02:08 Voodoo Lounge
03:18 Stronghold
04:41 War Mill
04:44 Orc Burrow
05:20 Great Hall
06:04 Watch Tower
06:05 Watch Tower
06:06 Watch Tower
06:09 Watch Tower
08:01 Fortress
08:20 Watch Tower
08:20 Watch Tower
08:20 Watch Tower
08:21 Watch Tower
08:21 Watch Tower
08:58 Watch Tower
10:49 Voodoo Lounge
13:22 Watch Tower
13:24 Watch Tower
13:26 Watch Tower
13:28 Watch Tower
20:50 Beastiary
20:51 Beastiary
20:52 Beastiary
23:55 Watch Tower
23:56 Watch Tower
23:56 Watch Tower
23:57 Watch Tower
23:57 Watch Tower
23:57 Watch Tower
23:58 Watch Tower
23:59 Watch Tower
24:00 Watch Tower
24:08 Watch Tower
24:09 Watch Tower
24:14 Watch Tower
24:14 Watch Tower
» items
| Healing Salve | 1 | |
| Periapt of Vitality | 2 | |
| Potion of Healing | 1 | |
| Potion of Mana | 1 | |
| Scroll of Town Portal | 1 | |
6 total
NoHeart (
purple | 87 APM | 2804 actions | 32:16)
8 Blood Mage
3 Flame Strike
3 Siphon Mana
1 Summon Phoenix
1 Banish
» actions
| Assign group hotkey | 91 | |
| Basic commands | 64 | |
| Build / train | 173 | |
| ESC pressed | 3 | |
| Enter build submenu | 35 | |
| Enter hero's abilities submenu | 8 | |
| Give item / drop item | 5 | |
| Right click | 908 | |
| Select / deselect | 315 | |
| Select group hotkey | 954 | |
| Use ability | 248 | |
2804 total
» units
| Peasant | 24 | |
| Footman | 11 | |
| Sorceress | 5 | |
| Gryphon Rider | 2 | |
| Dragonhawk Rider | 4 | |
46 total
» upgrades
| Masonry | 3 | |
| Sorceress Training | 2 | |
| Lumber Harvesting | 3 | |
| Swords | 3 | |
| Magic Sentry | 1 | |
| Armor | 3 | |
| Cloud | 1 | |
| Storm Hammers | 1 | |
| Animal War Training | 1 | |
| Priest Training | 2 | |
| Gunpowder | 3 | |
| Plating | 3 | |
| Control Magic | 1 | |
27 total
» buildings
| Altar of Kings | 1 | |
| Barracks | 1 | |
| Farm | 6 | |
| Arcane Vault | 2 | |
| Town Hall | 2 | |
| Lumber Mill | 1 | |
| Scout Tower | 17 | |
| Keep | 2 | |
| Guard Tower | 39 | |
| Arcane Sanctum | 1 | |
| Blacksmith | 1 | |
| Castle | 2 | |
| Gryphon Aviary | 5 | |
80 total
» build order
00:54 Altar of Kings
00:56 Barracks
00:59 Farm
01:09 Farm
01:40 Farm
02:01 Arcane Vault
02:10 Farm
04:11 Town Hall
04:20 Lumber Mill
05:09 Scout Tower
05:10 Scout Tower
05:11 Scout Tower
05:41 Keep
06:02 Guard Tower
06:02 Guard Tower
06:04 Scout Tower
06:08 Scout Tower
07:04 Guard Tower
07:04 Guard Tower
08:09 Arcane Sanctum
08:12 Blacksmith
08:15 Castle
08:15 Castle
09:37 Town Hall
09:41 Scout Tower
09:41 Scout Tower
09:43 Scout Tower
09:44 Scout Tower
09:46 Scout Tower
09:47 Scout Tower
09:47 Scout Tower
09:48 Scout Tower
09:59 Guard Tower
10:00 Guard Tower
10:11 Guard Tower
10:11 Guard Tower
10:11 Guard Tower
10:12 Guard Tower
10:12 Guard Tower
10:12 Guard Tower
10:12 Guard Tower
10:36 Guard Tower
10:36 Guard Tower
10:37 Guard Tower
10:37 Guard Tower
10:37 Guard Tower
10:37 Guard Tower
10:38 Guard Tower
11:19 Guard Tower
11:19 Guard Tower
12:52 Gryphon Aviary
12:54 Gryphon Aviary
16:34 Arcane Vault
18:48 Farm
18:50 Farm
19:42 Scout Tower
19:43 Scout Tower
19:46 Scout Tower
19:46 Scout Tower
20:53 Guard Tower
20:54 Guard Tower
30:16 Gryphon Aviary
30:17 Gryphon Aviary
30:18 Gryphon Aviary
» items
| Scroll of Regeneration | 8 | |
| Staff of Teleportation | 1 | |
| Potion of Invisibility | 5 | |
| Lesser Clarity Potion | 7 | |
| Scroll of Town Portal | 3 | |
| Ivory Tower | 2 | |
| Periapt of Vitality | 1 | |
| Potion of Mana | 2 | |
| Potion of Healing | 2 | |
31 total

»
alexd9 (
blue | 34 APM | 1107 actions | 32:14)
5 Warden
3 Fan of Knives
2 Blink
3 Priestess of the Moon
2 Trueshot Aura
1 Searing Arrows
3 Keeper of the Grove
1 Thorns Aura
2 Force of Nature
» actions
| Assign group hotkey | 40 | |
| Build / train | 77 | |
| Enter build submenu | 15 | |
| Enter hero's abilities submenu | 11 | |
| Remove unit from queue | 1 | |
| Right click | 416 | |
| Select / deselect | 175 | |
| Select group hotkey | 318 | |
| Use ability | 54 | |
1107 total
» units
| Wisp | 16 | |
| Archer | 3 | |
| Huntress | 10 | |
| Dryad | 10 | |
| Mountain Giant | 5 | |
44 total
» upgrades
| Strength of the Moon | 1 | |
| Moon Armor | 1 | |
| Ultravision | 1 | |
| Abolish Magic | 1 | |
| Strength of the Wild | 3 | |
| Reinforced Hides | 3 | |
| Hardened Skin | 1 | |
| Resistant Skin | 1 | |
| Upgrade Moon Glaive | 1 | |
| Well Spring | 1 | |
14 total
» buildings
| Altar of Elders | 1 | |
| Ancient of War | 1 | |
| Moon Well | 8 | |
| Hunter's Hall | 1 | |
| Tree of Ages | 1 | |
| Ancient of Wonders | 1 | |
| Tree of Eternity | 1 | |
| Ancient of Lore | 2 | |
| Tree of Life | 1 | |
17 total
» build order
00:13 Altar of Elders
00:26 Ancient of War
00:33 Moon Well
01:43 Moon Well
02:11 Hunter's Hall
02:44 Moon Well
03:55 Tree of Ages
04:32 Ancient of Wonders
05:55 Moon Well
06:48 Tree of Eternity
08:09 Moon Well
08:20 Ancient of Lore
08:29 Ancient of Lore
09:06 Moon Well
11:02 Moon Well
19:17 Tree of Life
30:05 Moon Well
» items
ILoveElf (
green | 36 APM | 691 actions | 19:13)
4 Archmage
2 Summon Water Elemental
2 Brilliance Aura
» actions
| Assign group hotkey | 11 | |
| Basic commands | 69 | |
| Build / train | 47 | |
| Enter build submenu | 12 | |
| Enter hero's abilities submenu | 4 | |
| Right click | 258 | |
| Select / deselect | 204 | |
| Select group hotkey | 44 | |
| Use ability | 42 | |
691 total
» units
| Peasant | 9 | |
| Priest | 11 | |
| Sorceress | 12 | |
| Spell Breaker | 3 | |
35 total
» upgrades
| Sorceress Training | 1 | |
| Priest Training | 1 | |
| Control Magic | 1 | |
3 total
» buildings
| Farm | 15 | |
| Keep | 3 | |
| Altar of Kings | 1 | |
| Barracks | 1 | |
| Arcane Sanctum | 5 | |
| Arcane Vault | 1 | |
| Castle | 1 | |
27 total
» build order
00:47 Farm
00:48 Farm
02:23 Keep
02:23 Keep
02:24 Keep
02:29 Farm
02:30 Farm
02:31 Farm
02:41 Altar of Kings
02:50 Farm
02:51 Farm
02:54 Farm
02:54 Farm
02:56 Farm
02:56 Farm
02:57 Farm
04:45 Barracks
04:48 Arcane Sanctum
04:49 Arcane Sanctum
04:50 Arcane Sanctum
04:53 Arcane Sanctum
04:55 Arcane Sanctum
07:23 Arcane Vault
10:22 Farm
10:22 Farm
10:23 Farm
13:17 Castle
Chat log
(00:12 / Allies) ILoveElf: mass caster here
(00:51 / All) FlynnWhite: hh ha have a a1 g game
(01:13 / Allies) AmontilladoCask: lumberS?
(01:15 / Allies) ILoveElf: oj tauren or air?
(01:37 / Allies) ILoveElf: oj what unit?
(01:38 / Allies) AmontilladoCask: thanks brother
(01:42 / Allies) AmontilladoCask: Blade master
(01:54 / Allies) NoHeart: My unit is the blood mage
(03:21 / Allies) ILoveElf: mass healer and sorc here
(03:30 / Allies) ILoveElf: very soon
(03:30 / Allies) alexd9: hunt dryad mk
(03:49 / Allies) ILoveElf: 1/2 way keep
(04:26 / Allies) ILoveElf: I will heal you soon oj
(10:50 / All) NoHeart: LOL
(10:53 / All) NoHeart: nice position for my bm
(11:13 / All) NoHeart: hahaha
(11:15 / All) NoHeart: he knows it's coming
(13:36 / All) FlynnWhite: so just curious
(13:39 / All) FlynnWhite: why didn't either of you tp?
(14:03 / Allies) AmontilladoCask: wow
(14:06 / Allies) AmontilladoCask: I got 3 fucking daggers
(14:09 / Allies) NoHeart: LOL
(14:12 / Allies) NoHeart: lucky as shit
(14:16 / Allies) NoHeart: This dagger is sweet on bm
(14:17 / Allies) AmontilladoCask: unlucky as shit
(14:22 / Allies) AmontilladoCask: I never use it
(14:24 / Allies) NoHeart: Dagger owns
(14:28 / Allies) AmontilladoCask: it's good on blood mage
(14:37 / All) FlynnWhite: just got called out hard by red
(15:10 / All) FlynnWhite: he did give a valid point tho
(15:39 / All) AmontilladoCask: not a maneuver I've seen before yellow
(15:41 / All) NoHeart: THIS DAGGER IS FUCKING SWEET
(15:44 / All) NoHeart: LOOK AT THAT SHIT
(15:55 / Allies) AmontilladoCask: he surrounded me BM with acos and ghouls lawl
(16:05 / Allies) alexd9: oh shit im trapped
(16:25 / Allies) alexd9: purp mind building a shop at expo
(16:40 / Allies) NoHeart: There you go
(16:49 / Allies) alexd9: ty
(16:51 / Allies) NoHeart: stop it with the mountain giant
(16:55 / Allies) NoHeart: those trees protect the expo
(17:01 / Allies) alexd9: k
(17:11 / All) ankn[pro]: FUCK YOU!!!
(17:14 / All) NoHeart: lol
(17:18 / All) NoHeart: so much for being pro
(17:22 / All) NoHeart: lost to 1 hero
(17:33 / All) NoHeart: nice gold mine
(17:34 / All) ankn[pro]: U CHITER
(17:38 / All) FlynnWhite: why when you sell items
(17:39 / All) NoHeart: how am I cheating?
(17:44 / All) ankn[pro]: tp
(17:44 / All) FlynnWhite: does it give you less than the value its worth
(17:49 / All) ankn[pro]: blink wtf
(17:54 / All) NoHeart: hahahaha
(18:03 / All) NoHeart: I only have skill hack
(18:06 / All) NoHeart: It makes me a better player
(18:57 / All) NoHeart: This dagger is the fucking best
(19:38 / All) NoHeart: fuckin g raped
(19:55 / All) AmontilladoCask: green sure fed yellow
(20:05 / All) NoHeart: Teal is feeding me, free xp!
(20:22 / All) ankn[pro]: Wtf
(20:24 / All) NoHeart: lmao
(20:24 / All) ankn[pro]: blink
(20:28 / All) NoHeart: Hopefully not
(20:31 / All) NoHeart: If he is though even sweeter
(21:22 / Allies) AmontilladoCask: where is yellow hero
(21:58 / All) NoHeart: Fucking newbie undead, this is a real treat
(22:11 / All) ankn[pro]: u fucking cheter
(22:12 / All) ankn[pro]: noob
(22:17 / All) NoHeart: lol
(22:21 / All) NoHeart: Why am I cheating again?
(22:35 / All) ankn[pro]: i no speak eng
(22:41 / All) ankn[pro]: wow
(22:43 / All) ankn[pro]: drophack
(22:49 / All) ankn[pro]: fucking team u cheat
(23:00 / All) NoHeart: This game is golden
(23:25 / All) NoHeart: RAPED
(23:32 / All) NoHeart: can't even siege my expo worth a shit
(24:17 / All) ankn[pro]: They have bats
(24:55 / All) ankn[pro]: FUCK U
(24:59 / All) NoHeart: lol!
(25:04 / All) ankn[pro]: noob
(25:09 / All) NoHeart: I'm using 1 hero
(25:09 / All) ankn[pro]: no can kill army
(25:10 / All) ankn[pro]: noob
(25:11 / All) NoHeart: You have an entire army
(25:14 / All) NoHeart: You cannot kill 1 hero
(25:16 / All) ankn[pro]: nooob
(25:16 / All) NoHeart: But 1 hero can kill you
(25:18 / All) ankn[pro]: and girl
(25:22 / All) NoHeart: So who is the noob, bitch? Obviously you
(25:28 / All) ankn[pro]: i no speak eng noob
(25:31 / All) ankn[pro]: girl noob
(25:35 / All) ankn[pro]: fucking girl noob
(25:40 / All) NoHeart: lol
(25:54 / All) AmontilladoCask: getting more than 1 level while selecting skiull can fuck you up
(26:23 / All) NoHeart: Your fiends are in trouble bro!
(26:26 / All) NoHeart: Your fiends man!
(26:58 / All) NoHeart: YOUR FIENDS BRO!
(27:01 / All) NoHeart: THEY ARE IN TROUBLE MAN!
(27:16 / All) AmontilladoCask: onme of my worst bladestorms
(27:38 / All) icraponaddmins: |dont be proud of urself
(27:38 / All) AmontilladoCask: my worst bladestorm ever
(27:41 / All) icraponaddmins: red is cunt noob anyway
(27:59 / All) NoHeart: 3 cunt noobs on your team, yellow
(28:02 / All) NoHeart: and they are all still ingame
(28:08 / All) NoHeart: you are 314-322
(28:10 / All) NoHeart: not much better
(28:27 / All) icraponaddmins: zzzzzzz
(28:33 / All) icraponaddmins: better then most cunt noob
(29:14 / All) NoHeart: lol
(30:16 / Allies) AmontilladoCask: get some auxillary dhawks
(30:48 / All) NoHeart: I have 28,000 gold
(30:51 / All) NoHeart: How mcuh do you guys have?
(30:56 / All) icraponaddmins: ccol
(31:01 / All) NoHeart: all that for a mined out expo
(31:48 / Allies) AmontilladoCask: blue stole meh kill
(31:49 / All) icraponaddmins: gg cunt noobs
(31:57 / All) NoHeart: gg scrubs
(31:58 / All) icraponaddmins: i think teal and red are roomates though
(32:05 / All) icraponaddmins: sucking each others cocks